 Dungeon Sprint DCSS version 0.17.2-1-ge4368a0 (webtiles) character file.

108 mopl the Covert (level 4, -4/28 HPs)
             Began as a Spriggan Assassin on Aug 22, 2016.
             Slain by a human
             ... wielding a +0 club
              (16 damage)
             ... in the Dungeon (Sprint III: "The Ten Rune Challenge").
             The game lasted 00:01:10 (432 turns).

mopl the Covert (Spriggan Assassin)                  Turns: 432, Time: 00:01:10

Health: -4/28      AC:  6    Str: 12    XL:     4   Next: 58%
Magic:  5/5        EV: 22    Int: 12    God:
Gold:   20         SH:  0    Dex: 23    Spells: 0 memorised, 3 levels left

rFire  . . .     SeeInvis +     a - +2 dagger
rCold  . . .     Rnd*Rage +     c - +0 robe
rNeg   . . .     SustAt   .     (shield restricted)
rPois  .         Gourm    .     (helmet restricted)
rElec  .         Spirit   .     d - +0 cloak
rCorr  .         Warding  .     (gloves unavailable)
rMut   .         NoTele   +     (boots unavailable)
MR     .....                    (no amulet)
Stlth  ..........               (no ring)
                                (no ring)

@: agile, berserking, very quick, not resistant to hostile enchantments,
extremely unstealthy
A: unfitting armour, molten scales 1, thin metallic scales 1, see invisible,
berserk 1, herbivore 3, speed 3, frail 1, screaming 1, slow metabolism 2, wild
magic 1
a: no special abilities


You were in the Dungeon.
You were not hungry.

You visited 1 branch You collected 20 gold pieces.

Inventory:

Hand Weapons
 a - a +2 dagger (weapon)
 b - a +0 blowgun
Missiles
 e - 8 poisoned needles
 f - 2 curare-tipped needles
Armour
 c - a +0 robe (worn)
 d - a +0 cloak (worn)
Scrolls
 m - a scroll of blinking
 p - 2 scrolls of fear
 q - a scroll of remove curse
Potions
 h - 2 potions of curing
 i - a potion of heal wounds
 j - a potion of haste
 k - 2 potions of magic
 s - a potion of might
 x - 2 potions of flight
Comestibles
 g - a bread ration
 r - a royal jelly
 v - 4 fruits


   Skills:
 - Level 1.5 Fighting
 - Level 2.1 Short Blades
 * Level 7.7 Throwing
 - Level 1.5 Dodging
 + Level 10.0 Stealth


You had 3 spell levels left.
You didn't know any spells.

Dungeon Overview and Level Annotations

Branches:
Dungeon (1/1)

Altars:
Okawaru
Trog


Innate Abilities, Weirdness & Mutations

You are tiny and cannot use many weapons and most armour.
You have supernaturally acute eyesight.
You are a herbivore.
You cover ground extremely quickly.
You need consume almost no food.
You are partially covered in molten scales (AC +1).
You are partially covered in thin metallic scales (AC +2).
You tend to lose your temper in combat.
You are frail (-10% HP).
You occasionally shout uncontrollably at your foes.
Your spells are a little harder to cast, but a little more powerful.


Message History

You are too injured to fight recklessly!
You miss the human.
The human is moderately wounded.
You miss the human.
The human is moderately wounded.
The human hits you but does no damage.
The human drinks a potion.
The human goes berserk!
You puncture the human!
The human is heavily wounded.
The human misses you. x2
You closely miss the human.
The human is heavily wounded.
You hit the human.
The human is severely wounded.
The human barely misses you. The human completely misses you.
You closely miss the human.
The human is severely wounded.
The human hits you with a club!
Ouch! That really hurt!
You die...

▓▓▓▓▓ ▓▓▓ ..♣.♣♣ ♣.#
##### .†...♣ ♣.# #__p#
...♣♣♣ ♣.# #.@p# ...≈♣
♣♣♣.###+#'###+##
..≈≈♣♣.♣..#..........#
.≈≈≈≈.♣♣..'.⌠........#
.≈≈≈≈≈≈♣..#...######+#
≈≈≈≈≈≈....#.⌠.#
≈≈≈≈≈.....#...#
≈≈≈.......#+###
..........#


You could see 2 humans.

Vanquished Creatures
  A water elemental (D)
  A wolf (D)
  A human (D)
  2 oozes (D)
  2 rats (D)
7 creatures vanquished.

Vanquished Creatures (others)
  2 draconian scorchers (D)
  A yaktaur (D)
  2 plants (D)
5 creatures vanquished.

Grand Total: 12 creatures vanquished

Notes
Turn   | Place    | Note
--------------------------------------------------------------
     0 | D        | mopl the Spriggan Assassin began the quest for the Orb.
     0 | D        | Reached XP level 1. HP: 10/10 MP: 2/2
     5 | D        | Reached skill level 3 in Throwing
     5 | D        | Reached skill level 6 in Stealth
    13 | D        | Reached skill level 4 in Throwing
    13 | D        | Reached XP level 2. HP: 9/14 MP: 3/3
    81 | D        | Reached skill level 7 in Stealth
   116 | D        | Killed a yaktaur
   135 | D        | Reached skill level 5 in Throwing
   135 | D        | Reached skill level 8 in Stealth
   135 | D        | Reached XP level 3. HP: 10/18 MP: 4/4
   242 | D        | Killed a white draconian scorcher
   247 | D        | Noticed a wolf
   254 | D        | Killed a wolf
   254 | D        | Reached skill level 6 in Throwing
   398 | D        | Gained mutation: Your spells are a little harder to cast, but a little more powerful. [potion of mutation]
   398 | D        | Gained mutation: You are partially covered in molten scales (AC +1). [potion of mutation]
   398 | D        | Gained mutation: You occasionally shout uncontrollably at your foes. [potion of mutation]
   399 | D        | Gained mutation: You tend to lose your temper in combat. [potion of mutation]
   399 | D        | Gained mutation: You are partially covered in thin metallic scales (AC +2). [potion of mutation]
   399 | D        | Gained mutation: You are frail (-10% HP). [potion of mutation]
   412 | D        | Killed a white draconian scorcher
   415 | D        | Noticed a water elemental
   417 | D        | Killed a water elemental
   417 | D        | Reached skill level 7 in Throwing
   417 | D        | Reached skill level 10 in Stealth
   417 | D        | Reached XP level 4. HP: 19/19 MP: 5/5
   422 | D        | Found an iron altar of Okawaru.
   422 | D        | Found a bloodstained altar of Trog.
   422 | D        | Noticed a human
   423 | D        | Noticed a human
   432 | D        | Slain by a human

Action                   |  1- 3 |  4- 6 || total
-------------------------+-------+-------++-------
Melee: Dagger            |    18 |     7 ||    25
  Use: Scroll            |     5 |       ||     5
       Potion            |     4 |     1 ||     5
 Stab: Sleeping          |     6 |       ||     6
